 Dungeon Crawl Stone Soup version 0.30-a0-715-gdb4ae3ece1 (webtiles) character file.

Game seed: 12226992965761616581

410368 blahman3 the Minotaur Barricade (level 22, -22/176 HPs)
             Began as a Minotaur Fighter on Jan 22, 2023.
             Was an Initiate of Gozag.
             Killed from afar by a tengu reaver (31 damage)
             ... with a bolt of acid
             ... on level 5 of the Vaults on Jan 25, 2023.
             The game lasted 07:05:15 (56498 turns).

blahman3 the Minotaur Barricade (Minotaur Fighter) Turns: 56498, Time: 07:05:16

Health: -22/176    AC: 39    Str: 30    XL:     22   Next: 45%
Magic:  14/14      EV:  6    Int: 11    God:    Gozag
Gold:   4545       SH: 36    Dex: 14    Spells: 21/21 levels left

rFire   . . .      SeeInvis +    a - +9 war axe (flame)
rCold   + . .      Faith    .    q - +18 shield of the Gong {Loud rElec rN+ Will+ EV-5}
rNeg    + . .      Spirit   .    Y - +8 plate armour {Will+}
rPois   +          Reflect  .    T - +2 hat {Stlth+}
rElec   +          Harm     .    e - +2 cloak
rCorr   +          Rampage  .    K - +2 pair of gloves
Will    ++++.      Rnd*Tele +    X - +2 pair of boots {Stlth+}
Stlth   +                        F - amulet "Put-Me-On" {Regen+ rCorr Int+2 Dex+4}
HPRegen 1.29/turn                x - ring of Cynicism {Wiz Str+3 Dex+3 SInv}
MPRegen 0.14/turn                g - ring of willpower

@: mighty, resistant, hasted, studying Maces & Flails, very quick
A: horns 2, retaliatory headbutt, hooves 1, clever 1, clumsy 2, deterioration 1,
frail 2, low MP 3, sense surroundings 2, poison resistance, screaming 1,
teleportitis 2, weak 1, heat vulnerability 1, subdued magic 2
}: 2/15 runes: decaying, gossamer
a: Renounce Religion, Potion Petition, Call Merchant, Bribe Branch


You were on level 5 of the Vaults.
You worshipped Gozag.
Gozag was most pleased with you.
You visited 9 branches of the dungeon, and saw 43 of its levels.
You also visited: Ossuary, Ice Cave and Wizlab.

You collected 21072 gold pieces.
You spent 6402 gold pieces at shops.
You paid 10125 gold pieces to Gozag.

Inventory:

Hand Weapons
 a - a +9 war axe of flaming (weapon)
 h - a +2 vampiric hand axe
 t - a +5 battleaxe of freezing
 H - a +3 morningstar of holy wrath
 I - a +0 arbalest of freezing
 L - a +3 vampiric broad axe
 M - the +3 sling of Enice {freeze, Str+6}
   (You found it on level 13 of the Dungeon)

   Str:       It affects your strength (+6).
Missiles
 k - 20 boomerangs
 l - 2 boomerangs of dispersal
 P - 2 silver boomerangs (quivered)
Armour
 e - a +2 cloak (worn)
 q - the +18 shield of the Gong (worn) {Loud rElec rN+ Will+ EV-5}
   (You found it on level 4 of the Lair of Beasts)

   Loud:      It is deafeningly noisy when blocking attacks.
   EV:        It affects your evasion (-5).
   rElec:     It insulates you from electricity.
   rN:        It protects you from negative energy.
   Will:      It increases your willpower.
 A - a scarf of resistance
 K - a +2 pair of gloves (worn)
 T - a +2 hat of stealth (worn)
 X - a +2 pair of boots of stealth (worn)
 Y - a +8 plate armour of willpower (worn)
Jewellery
 g - a ring of willpower (right hand)
 s - the ring "Risum" {rF+ Int+2 Stlth+}
   (You took it off a moon troll in a wizard's laboratory)

   [ring of protection from fire]

   Int:       It affects your intelligence (+2).
   rF:        It protects you from fire.
   Stlth:     It makes you more stealthy.
 x - the ring of Cynicism (left hand) {Wiz Str+3 Dex+3 SInv}
   (You found it in an ice cave)

   [ring of wizardry]

   It improves your spell success rate.
   Str:       It affects your strength (+3).
   Dex:       It affects your dexterity (+3).
   SInv:      It lets you see invisible.
 C - a +5 ring of evasion
 D - a ring of resist corrosion
 F - the amulet "Put-Me-On" (around neck) {Regen+ rCorr Int+2 Dex+4}
   (You found it in an ice cave)

   [amulet of regeneration]

   Int:       It affects your intelligence (+2).
   Dex:       It affects your dexterity (+4).
   Regen:     It increases your rate of health regeneration.
   rCorr:     It protects you from acid and corrosion.
 G - an amulet of reflection
 S - a ring of protection from cold
 U - the ring of Jeeph {rElec rN+ Str+4 SInv}
   (You found it on level 3 of the Vaults)

   [ring of see invisible]

   Str:       It affects your strength (+4).
   rElec:     It insulates you from electricity.
   rN:        It protects you from negative energy.
   SInv:      It lets you see invisible.
Wands
 o - a wand of polymorph (26)
 w - a wand of light (5)
 E - a wand of roots (14)
 N - a wand of paralysis (30)
 O - a wand of digging (7)
 Q - a wand of flame (65)
Scrolls
 b - 3 scrolls of silence
 i - 5 scrolls of fog
 m - 5 scrolls of fear
 n - 10 scrolls of poison
 y - 2 scrolls of magic mapping
 B - 3 scrolls of teleportation
 W - 3 scrolls of blinking
 Z - 12 scrolls of identify
Potions
 d - 5 potions of resistance
 f - 30 potions of curing
 j - 11 potions of mutation
 p - a potion of berserk rage
 r - 7 potions of cancellation
 u - a potion of flight
 v - 5 potions of haste
 z - 8 potions of ambrosia
 J - a potion of invisibility
Miscellaneous
 c - a lightning rod (4/4)
 R - a piece from Xom's chessboard (15/15)


   Skills:
 + Level 23.3 Fighting
 + Level 25.0(25.2) Axes
 + Level 5.4(17.4) Maces & Flails
 + Level 6.3 Throwing
 + Level 18.6 Armour
 + Level 7.0 Dodging
 + Level 5.6 Stealth
 O Level 27 Shields
 + Level 0.6 Unarmed Combat
 + Level 1.0 Evocations


You had 21 spell levels left.
You didn't know any spells.
Your spell library contained the following spells:

 Spells                   Type           Power      Damage    Failure   Level
 Apportation              Tloc           0%         N/A       43%         1
 Magic Dart               Conj           0%         1d3       43%         1
 Necrotise                Necr           0%         1d4       43%         1
 Summon Small Mammal      Summ           0%         N/A       43%         1
 Blink                    Tloc           0%         N/A       58%         2
 Cigotuvi's Dreadful Rot  Necr/Pois/Air  0%         N/A       58%         2
 Lesser Beckoning         Tloc           0%         N/A       58%         2
 Poisonous Vapours        Pois/Air       0%         N/A       58%         2
 Scorch                   Fire           0%         2d5       58%         2
 Searing Ray              Conj           0%         2d4       58%         2
 Gell's Gravitas          Tloc           0%         N/A       82%         3
 Inner Flame              Hex/Fire       0%         N/A       82%         3
 Kindle Blastsparks       Fire/Tloc/Air  0%         2d10      82%         3
 Mephitic Cloud           Conj/Pois/Air  0%         N/A       82%         3
 Summon Guardian Golem    Hex/Summ       0%         N/A       82%         3
 Teleport Other           Tloc           0%         N/A       82%         3
 Vampiric Draining        Necr           0%         2d6       82%         3
 Vhi's Electric Charge    Tloc/Air       0%         N/A       82%         3
 Animate Armour           Summ/Erth      0%         N/A       99%         4
 Flame Wave               Conj/Fire      0%         2d4       99%         4
 Fulminant Prism          Conj/Hex       0%         3d5       99%         4
 Iskenderun's Mystic Bla  Conj/Tloc      0%         2d3       99%         4
 Manifold Assault         Tloc           0%         N/A       99%         4
 Sticky Flame             Conj/Fire      0%         2d3       99%         4
 Summon Lightning Spire   Summ/Air       0%         N/A       99%         4
 Agony                    Necr           0%         N/A       100%        5
 Alistair's Intoxication  Tmut/Pois      0%         N/A       100%        5
 Arcjolt                  Conj/Air       0%         1d10      100%        5
 Blade Hands              Tmut           0%         N/A       100%        5
 Iskenderun's Battlesphe  Conj           0%         2d6       100%        5
 Lee's Rapid Deconstruct  Erth           0%         3d4*      100%        5
 Metabolic Englaciation   Hex/Ice        0%         N/A       100%        5
 Summon Mana Viper        Hex/Summ       0%         N/A       100%        5
 Dispersal                Tloc           0%         N/A       100%        6
 Iron Shot                Conj/Erth      0%         9d1       100%        6
 Summon Cactus Giant      Summ           0%         N/A       100%        6
 Storm Form               Tmut/Air       0%         N/A       100%        7
 Disjunction              Tloc           0%         N/A       100%        8
 Maxwell's Capacitive Co  Air            0%         ∞         100%        8
 Shatter                  Erth           0%         3d5*      100%        9


Dungeon Overview and Level Annotations

Branches:
Dungeon (15/15)            Temple (1/1) D:4            Lair (5/5) D:10
  Swamp (4/4) Lair:2       Spider (4/4) Lair:2        Slime (5/5) Lair:5
    Orc (2/2) D:12            Elf (2/3) Orc:2        Vaults (5/5) D:13
  Crypt (0/3) Vaults:2     Depths (0/4) D:15        Ossuary (visited)
  IceCv (visited)          WizLab (visited)

Altars:
Ashenzari
Cheibriados
Dithmenos
Elyvilon
Fedhas
Gozag
Hepliaklqana
Kikubaaqudgha
Makhleb
Nemelex Xobeh
Okawaru
Qazlal
Ru
Sif Muna
Trog
Uskayaw
Vehumet
Wu Jian
Xom
Yredelemnul
Zin
The Shining One
Jiyva

Shops:
D:14 !   Orc:2 *[=*(   Slime:4 !([   Vaults:1 *

Portals:
Abyss: D:10

Annotations:
Lair:2 exclusion: oklob plant
Slime:5 Royal Jelly
Vaults:1 3 runed translucent doors, octoduck's ghost, adept DsGl


Innate Abilities, Weirdness & Mutations

You have a pair of horns on your head.
You reflexively headbutt those who attack you in melee.
You have large cloven feet.
Your mind is acute. (Int +4, Str/Dex -1)
You are very clumsy. (Dex -4)
Your body sometimes deteriorates upon taking damage.
You are very frail. (-20% HP)
Your magical capacity is extremely low. (-30% MP)
You passively map the area around you.
Your system is resistant to poisons. (rPois)
You occasionally shout uncontrollably at your foes.
You are often teleported next to monsters.
You are weak. (Str -2)
You are vulnerable to heat. (rF-)
Your spells are easier to cast, but less powerful.


Message History

You block the yaktaur captain's attack.
GONNNNG!
The tengu reaver gestures at you while chanting.
The bolt of fire hits you!!!
* * * LOW HITPOINT WARNING * * *
You hear a deafening roar!
You hear a shout!
You hear a faint skittering sound.
You hear a deafening roar!
You hear a shout!
Unknown command.
Blink to where?
Press: ? - help, Dir - move target A phantasmal warrior comes into view.
As you read the scroll of blinking, it crumbles to dust.
The titan is distracted by your dazzling golden aura.
The quicksilver dragon is distracted by your dazzling golden aura.
As you read the scroll of teleportation, it crumbles to dust.
You feel strangely stable.
As you read the scroll of fog, it crumbles to dust.
The scroll dissolves into smoke.
The phantasmal warrior gestures at you.
The phantasmal warrior blinks!
The phantasmal warrior hits you but does no damage.
You yell at the tengu reaver!
A tengu reaver, a vault sentinel and a golden dragon come into view.
The vault sentinel shouts!
You hear a shout!
A vault sentinel comes into view. It is wielding a +0 long sword.
The phantasmal warrior gestures at you.
The phantasmal warrior blinks!
The vault sentinel moves out of view.
The golden dragon moves out of view.
You yell at the frost giant!
A frost giant comes into view.
It is wielding a +2 battleaxe of freezing.
The frost giant moves out of view.
Blink to where?
Press: ? - help, Dir - move target A steelbarb worm comes into view.
Found 97 gold pieces and a staff of death.
As you read the scroll of blinking, it crumbles to dust.
The tengu reaver points at you and mumbles some strange words.
The bolt of acid hits you!! You resist.
You die...
Your body crumbles into a pile of gold.

.# ,, * .# *,$* *..$,
,.## .# * ,.#*' ..## **
.# ,)# *| .# , ..$# ,
.#..? .pp# ..$* *$ * *
.#.. ####Dp#####.. *
.#.###§§###CQ.....# $ #*
,
.#.##§§§§##.......##....
2p.§p§§p.§W.....@.......
,
$Q.#####################*
, $C...... , , , , ,, ,,
,, , <....... , ,, , ,,
$......., , , ,, , ,
........ , , , , ,,
...##### * * ** *,, *
....#* , , , , , , .#...#
, , * * ,


You could see a golden dragon, a frost giant, a tengu reaver, 2 vault sentinels
and a phantasmal warrior.

Vanquished Creatures
  A dread lich (Vaults:5)
  Bai Suzhen (Spider:3)
  Nikola (Spider:2)
  A golden dragon (IceCv)
  Jorgrun (D:15)
  Mlioglotl (Spider:2)
  A lich (Vaults:3)
  Asterion (Spider:1)
  A tentacled monstrosity (Vaults:5)
  A moon troll (WizLab)
  A titan (Vaults:3)
  5 quicksilver dragons
  25 acid blobs
  4 sphinxes
  8 tentacled starspawn (WizLab)
  Gastronok (D:10)
  The ghost of holysushi the Spry, an adept DjNe of Gozag (Spider:2)
  Kirke (Lair:3)
  A shadow dragon (Vaults:3)
  2 thorn hunters
  3 tengu reavers
  A fenstrider witch (Swamp:4)
  A fire giant (Vaults:5)
  12 rockslimes
  Donald (Spider:1)
  23 azure jellies
  5 emperor scorpions
  A deep elf sorcerer (Elf:2)
  A frost giant (Vaults:3)
  Louise (Spider:4)
  14 vault wardens
  6 ghost moths
  A war gargoyle (WizLab)
  3 cacodemons (WizLab)
  5 orc warlords
  8 very ugly things
  19 quicksilver oozes
  2 broodmothers (Spider:1)
  7 stone giants
  7 ironbound preservers
  6 ironbound thunderhulks
  2 deep elf annihilators (Elf:1)
  A deep elf demonologist (Elf:1)
  A green draconian (Vaults:3)
  An apis (D:13)
  3 dire elephants
  4 bunyips
  9 eleionomae
  8 starcursed masses (WizLab)
  5 spark wasps
  An ettin (Vaults:5)
  2 green deaths (Swamp:4)
  2 deep elf death magi
  A jiangshi (Vaults:2)
  A fire dragon (D:15)
  5 yaktaur captains
  3 shambling mangroves
  A rakshasa (D:15)
  Fannar (D:11)
  5 ice dragons (IceCv)
  2 deep elf high priests
  2 hell beasts (Swamp:4)
  12 great orbs of eyes
  20 vault guards
  9 entropy weavers
  A hydra (shapeshifter) (Vaults:5)
  15 hydras
  An ogre mage (Vaults:3)
  5 radroaches
  3 boulder beetles
  A ghost crab (Swamp:2)
  A jorogumo (Spider:3)
  An anaconda (shapeshifter) (D:15)
  2 catoblepae
  7 ironbound frosthearts
  Erolcha (D:9)
  20 dancing weapons
  13 death yaks
  22 centaur warriors
  A two-headed ogre (D:9)
  3 death knights
  A deep troll shaman (Lair:5)
  6 alligators
  A deep troll earth mage (D:14)
  A thrashing horror (Swamp:4)
  A tengu warrior (D:15)
  A vampire mage (Vaults:2)
  6 orc high priests
  9 deep elf knights
  A sun demon (D:10)
  A wretched star (WizLab)
  5 skeletal warriors
  A death drake (Swamp:3)
  8 pharaoh ants
  5 sun moths
  4 goliath frogs
  3 spriggan druids
  The ghost of KennySheep the Thaumaturge, a novice DECj of Sif Muna (D:10)
  7 glowing orange brains
  11 orb spiders
  2 storm dragon skeletons (Vaults:4)
  2 flayed ghosts
  11 ironbound convokers
  9 bog bodies
  18 deep trolls
  4 phantasmal warriors
  9 swamp dragons
  6 wizards
  10 orc knights
  6 deep elf archers
  4 steelbarb worms
  5 harpies (Vaults:3)
  21 deep elf zephyrmancers
  Pikel (D:4)
  4 lindwurms
  35 ugly things
  A steelbarb worm (shapeshifter) (Vaults:5)
  11 shining eyes
  19 deep elf pyromancers
  20 wolf spiders
  2 necromancers (Vaults:4)
  A will-o-the-wisp (Swamp:3)
  5 cyclopes
  A manticore (D:15)
  5 orc sorcerers
  2 moths of wrath (Spider:1)
  15 elephants
  A human zombie (Vaults:4)
  A toenail golem (D:10)
  9 black mambas
  A guardian serpent (Vaults:3)
  14 cane toads
  10 demonic crawlers
  6 eyes of devastation
  3 torpor snails
  3 unseen horrors
  18 vault sentinels
  4 storm dragon simulacra (IceCv)
  3 orange demons (Swamp:4)
  17 komodo dragons
  Psyche (D:9)
  43 yaktaurs
  A tengu conjurer (D:15)
  Maggie (D:9)
  2 kobold demonologists
  5 rime drakes
  7 golden dragon simulacra (IceCv)
  4 freezing wraiths
  3 meliai (Spider:4)
  7 tyrant leeches
  A queen bee (D:10)
  9 trolls
  Prince Ribbit (D:9)
  24 hornets
  32 tarantellas
  8 polar bears
  11 blink frogs
  A dream sheep (shapeshifter) (D:14)
  2 raiju
  A centaur simulacrum (D:15)
  28 jumping spiders
  2 small abominations
  31 culicivoras
  8 spriggans
  69 yaks
  A deep troll skeleton (Vaults:4)
  130 slime creatures
  An air elemental (Elf:2)
  4 wyverns
  3 shadows
  A vampire (D:9)
  A large abomination (Swamp:4)
  3 water elementals (Elf:1)
  6 wraiths
  An elf zombie (Vaults:4)
  A fire elemental (Elf:2)
  14 golden eyes
  72 redbacks
  3 hogs (Lair:3)
  A redback (shapeshifter) (D:14)
  A basilisk (shapeshifter) (Vaults:3)
  5 basilisks
  2 steam dragons
  10 vampire mosquitoes
  A neqoxec (WizLab)
  15 swamp worms
  4 wargs (Orc:1)
  A glowing shapeshifter zombie (Vaults:4)
  An acid dragon (D:13)
  A floating eye (Vaults:3)
  16 water moccasins
  35 orc warriors
  2 swamp drakes (Swamp:1)
  An ice beast (D:7)
  A meliai simulacrum (D:14)
  2 sky beasts
  12 black bears
  5 ice dragon simulacra (IceCv)
  An ogre (shapeshifter) (D:15)
  9 wolves
  10 ogres
  15 centaurs
  A lemure (D:4)
  A phantom (D:4)
  16 kobold brigands
  7 bullfrogs
  4 necrophages
  An earth elemental (Elf:2)
  2 gnoll sergeants
  7 scorpions
  22 wights
  9 killer bees (D:10)
  5 lindwurm simulacra (IceCv)
  2 vampire bats (D:11)
  2 electric eels
  A howler monkey (D:12)
  A hound (shapeshifter) (D:14)
  15 orc priests
  6 hounds
  2 gnoll boudas
  2 jellies
  5 iguanas
  32 orc wizards
  6 hell rats (Lair:1)
  4 mummies
  4 adders
  26 gnolls
  A white imp (D:6)
  2 ufetubi
  9 worms
  92 orcs
  5 endoplasms
  4 giant cockroaches
  A gnoll zombie (Ossuary)
  7 goblins
  8 hobgoblins
  5 jackals
  7 quokkas
  9 ball pythons
  11 bats
  5 frilled lizards
  3 goblin zombies (Ossuary)
  3 hobgoblin zombies (Ossuary)
  27 kobolds
  4 kobold zombies (Ossuary)
  7 rats
  3 butterflies
  4 starspawn tentacles (WizLab)
1870 creatures vanquished.

Vanquished Creatures (collateral kills)
  A quicksilver dragon (Vaults:5)
  A storm dragon (Vaults:5)
  A vault warden (Vaults:4)
  An ironbound preserver (Vaults:5)
  3 ironbound thunderhulks (Vaults:4)
  A yaktaur captain (Vaults:4)
  7 vault guards
  3 ironbound frosthearts (Vaults:4)
  A deep troll (shapeshifter) (Vaults:3)
  A necromancer (Vaults:4)
  A sphinx zombie (Vaults:4)
  3 harpies (Vaults:5)
  3 ironbound convokers
  A shadow dragon skeleton (Vaults:4)
  4 vault sentinels
  2 yaktaurs (Vaults:4)
  A yaktaur skeleton (Vaults:4)
  An ettin skeleton (Vaults:4)
  A slime creature (Vaults:4)
  A human zombie (Vaults:4)
38 creatures vanquished.

Vanquished Creatures (others)
  A tengu reaver (Vaults:5)
  A fire giant (Vaults:5)
  4 vault wardens
  A ghost moth (Spider:4)
  An ironbound thunderhulk (Vaults:4)
  An ironbound preserver (Vaults:4)
  A vampire knight (Vaults:2)
  2 deep elf demonologists
  A deep elf annihilator (Vaults:5)
  An ettin (Vaults:5)
  A deep elf high priest (Vaults:5)
  14 vault guards
  A great orb of eyes (Vaults:4)
  5 yaktaur captains
  An ogre mage (Vaults:5)
  An ironbound frostheart (Vaults:3)
  A deep elf knight (Elf:1)
  A goliath frog (Swamp:2)
  2 phantasmal warriors (Vaults:5)
  2 ironbound convokers
  An orc knight (Vaults:5)
  A deep elf pyromancer (Elf:2)
  A wizard (Vaults:4)
  A harpy (Vaults:5)
  A vault sentinel (Vaults:3)
  7 yaktaurs
  5 bloated husks
  2 hornets (Swamp:2)
  A jumping spider (Spider:2)
  A spriggan (shapeshifter) (Vaults:5)
  3 spriggans (Swamp:2)
  A redback (Spider:3)
  A vampire mosquito (Swamp:1)
  A swamp drake (Swamp:2)
  An orc warrior (Orc:2)
  3 orcs
  2 kobolds
  A rat (D:2)
  4 briar patches (Swamp:1)
  5 demonic plants (WizLab)
  4 foxfires (Swamp:3)
  50 fungi
  74 plants
  15 starspawn tentacles
229 creatures vanquished.

Grand Total: 2137 creatures vanquished

Notes
Turn   | Place    | Note
-------+----------+-------------------------------------------
     0 | D:1      | blahman3 the Minotaur Fighter began the quest for the Orb.
     0 | D:1      | Reached XP level 1. HP: 19/19 MP: 0/0
   384 | D:1      | Reached XP level 2. HP: 27/27 MP: 1/1
   902 | D:2      | Reached XP level 3. HP: 28/33 MP: 2/2
  1252 | D:2      | You fall into a shaft and drop 1 floor!
  1460 | D:3      | Reached XP level 4. HP: 41/41 MP: 3/3
  1709 | D:3      | Found a blossoming altar of Fedhas.
  1769 | D:3      | Found a hide-covered altar of Uskayaw.
  1816 | D:3      | Reached skill level 1 in Dodging
  1816 | D:3      | Reached skill level 4 in Shields
  1816 | D:3      | Reached XP level 5. HP: 46/47 MP: 4/4
  1972 | D:3      | Reached skill level 5 in Axes
  2246 | D:4      | Reached XP level 6. HP: 53/53 MP: 5/5
  2280 | D:4      | Reached skill level 5 in Armour
  2412 | D:4      | Gained mutation: Your mind is acute. (Int +4, Str/Dex -1)
                  | [potion of mutation]
  2412 | D:4      | Gained mutation: You are strong-willed. (Will+) [potion of
                  | mutation]
  2454 | D:4      | Found a staircase to the Ecumenical Temple.
  2496 | Temple   | Entered the Ecumenical Temple
  2504 | Temple   | Became a worshipper of Gozag Ym Sagoz the Greedy
  2750 | D:4      | Reached XP level 7. HP: 35/60 MP: 6/6
  2935 | D:4      | Noticed Pikel
  2966 | D:4      | Killed Pikel
  2967 | D:4      | Reached skill level 5 in Fighting
  3077 | D:4      | Reached XP level 8. HP: 64/69 MP: 7/7
  3344 | D:5      | Entered Level 5 of the Dungeon
  3423 | D:5      | Found a bloodstained altar of Trog.
  3539 | D:5      | Found a sand-covered staircase.
  3549 | Ossuary  | Entered an ossuary
  4264 | D:5      | Found a sparkling altar of Nemelex Xobeh.
  4965 | D:6      | Reached skill level 10 in Axes
  4965 | D:6      | Reached skill level 5 in Shields
  4987 | D:6      | Reached XP level 9. HP: 69/78 MP: 8/8
  5761 | D:6      | Noticed a deep elf pyromancer
  5776 | D:6      | Killed a deep elf pyromancer
  6253 | D:7      | Found a burning altar of Makhleb.
  6403 | D:7      | Found a shadowy altar of Dithmenos.
  6840 | D:8      | Reached XP level 10. HP: 88/90 MP: 9/9
  7244 | D:8      | Identified the -2 cloak "Macec" {Dex+3}
  7261 | D:8      | Found a stormy altar of Qazlal.
  7266 | D:8      | Reached skill level 6 in Shields
  7590 | D:9      | Noticed Erolcha
  7597 | D:9      | Killed Erolcha
  7598 | D:9      | Reached skill level 1 in Stealth
  7959 | D:9      | Noticed a two-headed ogre
  7963 | D:9      | Killed a two-headed ogre
  7964 | D:9      | Reached skill level 7 in Shields
  8008 | D:9      | Noticed Maggie
  8019 | D:9      | Killed Maggie
  8166 | D:9      | Reached XP level 11. HP: 92/99 MP: 10/10
  8229 | D:9      | Found a shimmering blue altar of Sif Muna.
  8419 | D:9      | Found an ancient bone altar of Kikubaaqudgha.
  8603 | D:9      | Noticed Psyche
  8611 | D:9      | Killed Psyche
  8634 | D:9      | Noticed Prince Ribbit
  8644 | D:9      | Killed Prince Ribbit
  8800 | D:9      | Reached skill level 15 in Axes
  8926 | D:10     | Entered Level 10 of the Dungeon
  8951 | D:10     | Reached skill level 8 in Shields
  8955 | D:10     | Reached skill level 10 in Fighting
  9044 | D:10     | Found a shimmering altar of Xom.
  9405 | D:10     | Reached skill level 10 in Armour
  9474 | D:10     | Found a staircase to the Lair.
  9732 | D:10     | Found a transporter.
  9733 | D:10     | Found a one-way gate to the infinite horrors of the Abyss.
  9733 | D:10     | Noticed KennySheep's ghost (novice DECj)
  9734 | D:10     | Noticed a skeletal warrior
  9797 | D:10     | Noticed Gastronok
  9813 | D:10     | Killed Gastronok
  9843 | D:10     | Found a transporter.
 10061 | D:10     | Noticed a sun demon
 10149 | D:10     | Identified the +0 morningstar "Uzxeunku" {venom, rElec rF+
                  | rC+}
 10277 | Lair:1   | Entered Level 1 of the Lair of Beasts
 10784 | Lair:1   | Reached XP level 12. HP: 108/108 MP: 11/11
 11154 | Lair:1   | Reached skill level 9 in Shields
 11764 | D:11     | Noticed Fannar
 11778 | D:11     | Killed Fannar
 13169 | D:12     | Reached skill level 10 in Shields
 13376 | D:12     | Found a staircase to the Orcish Mines.
 13680 | D:12     | Reached skill level 1 in Throwing
 14078 | Orc:1    | Entered Level 1 of the Orcish Mines
 14202 | Orc:2    | Entered Level 2 of the Orcish Mines
 14228 | Orc:2    | Noticed an orc warlord
 14452 | Orc:1    | Reached XP level 13. HP: 90/118 MP: 12/12
 15585 | Lair:2   | Found a staircase to the Swamp.
 16187 | Lair:2   | Found a hole to the Spider Nest.
 16536 | Lair:2   | Reached skill level 11 in Shields
 17146 | Lair:3   | Noticed Kirke
 17188 | Lair:3   | Reached skill level 5 in Dodging
 17196 | Lair:3   | Killed Kirke
 18048 | Lair:2   | Reached skill level 12 in Shields
 18199 | Lair:3   | Reached XP level 14. HP: 130/130 MP: 13/13
 18493 | Lair:3   | Lost mutation: Your mind is acute. (Int +4, Str/Dex -1)
                  | [potion of mutation]
 18493 | Lair:3   | Lost mutation: You are strong-willed. (Will+) [potion of
                  | mutation]
 18493 | Lair:3   | Gained mutation: Your mind is acute. (Int +4, Str/Dex -1)
                  | [potion of mutation]
 18493 | Lair:3   | Gained mutation: Your system is resistant to poisons.
                  | (rPois) [potion of mutation]
 18493 | Lair:3   | Gained mutation: Your natural rate of healing is unusually
                  | fast. [potion of mutation]
 18929 | Lair:4   | Found the +18 shield of the Gong {Loud rElec rN+ Will+
                  | EV-5}
 19163 | Lair:4   | Reached skill level 1 in Maces & Flails
 19604 | Lair:5   | Entered Level 5 of the Lair of Beasts
 19654 | Lair:5   | Reached skill level 15 in Fighting
 19677 | Lair:5   | Reached skill level 13 in Shields
 20098 | Lair:5   | Identified the +0 spear "Tis Vexo" {drain, Will+ Int+3}
 20465 | Lair:5   | Found a runed translucent door.
 20466 | Lair:5   | Found a viscous altar of Jiyva.
 20466 | Lair:5   | Noticed an azure jelly
 20466 | Lair:5   | Noticed an azure jelly
 20480 | Lair:5   | Found a staircase to the Slime Pits.
 21218 | D:10     | Reached skill level 14 in Shields
 21395 | D:10     | Killed KennySheep's ghost
 21451 | D:10     | Reached XP level 15. HP: 141/141 MP: 14/14
 21663 | Orc:2    | Found a staircase to the Elven Halls.
 22196 | D:13     | Reached skill level 15 in Shields
 22500 | D:13     | Found a white marble altar of Elyvilon.
 23515 | Orc:2    | Found Emasaec's Antique Weapon Emporium.
 23539 | Orc:2    | Found Pytsojaq's General Store.
 23546 | Orc:2    | Found Gawimeir's Jewellery Shoppe.
 23591 | Orc:2    | Found Uladd's General Store.
 23594 | Orc:2    | Found Pot Toyss's Antique Armour Shoppe.
 23614 | Orc:2    | Bought a pair of glowing gloves for 195 gold pieces
 23642 | Orc:2    | Bought a potion of heal wounds for 85 gold pieces
 23642 | Orc:2    | Bought a potion of cancellation for 136 gold pieces
 23642 | Orc:2    | Bought a potion of magic for 136 gold pieces
 24029 | Orc:1    | Reached skill level 16 in Shields
 25109 | Spider:1 | Entered Level 1 of the Spider Nest
 25109 | Spider:1 | Noticed Donald
 25139 | Spider:1 | Killed Donald
 25457 | Spider:1 | Reached skill level 15 in Armour
 25853 | Spider:1 | Reached XP level 16. HP: 152/152 MP: 15/15
 25961 | Spider:1 | Reached skill level 17 in Shields
 26128 | Spider:1 | Identified a scroll of acquirement
 26129 | Spider:1 | Acquired 771 gold pieces
 26281 | Spider:1 | Noticed Asterion
 26487 | Swamp:1  | Entered Level 1 of the Swamp
 26527 | Swamp:1  | Noticed a thorn hunter
 27265 | Orc:2    | Bought a ring of see invisible for 195 gold pieces
 27527 | D:13     | Found a gate to the Vaults.
 27887 | D:14     | Found Faic's Distillery.
 27901 | D:14     | Bought a potion of invisibility for 112 gold pieces
 27901 | D:14     | Bought a potion of mutation for 112 gold pieces
 27901 | D:14     | Bought a potion of cancellation for 112 gold pieces
 27901 | D:14     | Bought a potion of cancellation for 112 gold pieces
 27901 | D:14     | Bought a potion of mutation for 112 gold pieces
 27901 | D:14     | Bought a potion of heal wounds for 70 gold pieces
 27901 | D:14     | Bought a potion of curing for 42 gold pieces
 27901 | D:14     | Bought 2 potions of haste for 280 gold pieces
 28324 | D:14     | Got Sif Muna's Secrets of Hot Stones
 28667 | D:14     | Reached skill level 18 in Shields
 28836 | D:14     | Found a broken altar of Ashenzari.
 28882 | D:14     | Found a sacrificial altar of Ru.
 29016 | D:15     | Entered Level 15 of the Dungeon
 29218 | D:15     | Noticed Jorgrun
 29228 | D:15     | Killed Jorgrun
 29259 | D:15     | Found a frozen archway.
 29277 | IceCv    | Entered an ice cave
 29461 | IceCv    | Found the +8 autumn katana {manifold assault}
 29525 | IceCv    | Noticed a golden dragon
 29538 | IceCv    | Killed a golden dragon
 29542 | IceCv    | Reached skill level 19 in Shields
 29601 | IceCv    | Identified the ring of Cynicism {Wiz Str+3 Dex+3 SInv}
 29608 | IceCv    | Identified the amulet "Put-Me-On" {Regen+ rCorr Int+2
                  | Dex+4}
 30231 | D:15     | Found a staircase to the Depths.
 30333 | D:15     | Found an ornate altar of the Wu Jian Council.
 30747 | Elf:1    | Entered Level 1 of the Elven Halls
 30747 | Elf:1    | Found a runed translucent gate.
 30747 | Elf:1    | Found a runed translucent gate.
 30747 | Elf:1    | Found a runed translucent gate.
 30747 | Elf:1    | Found a runed translucent gate.
 30747 | Elf:1    | Found a runed translucent gate.
 30747 | Elf:1    | Found a runed translucent gate.
 30748 | Elf:1    | Found a runed translucent door.
 30758 | Elf:1    | Reached XP level 17. HP: 161/161 MP: 16/16
 30781 | Elf:1    | Found a runed translucent door.
 31602 | Elf:1    | Got the Volume of the Band
 32178 | Elf:2    | Found a flickering gateway to a bazaar.
 32406 | Elf:2    | Reached skill level 20 in Shields
 32435 | Elf:2    | Found a runed translucent gate.
 32435 | Elf:2    | Found a runed translucent gate.
 32435 | Elf:2    | Found a runed translucent gate.
 34270 | Spider:1 | Killed Asterion
 35117 | Spider:2 | Noticed Mlioglotl
 35133 | Spider:2 | Killed Mlioglotl
 35144 | Spider:2 | Found a runed translucent door.
 35146 | Spider:2 | Noticed holysushi's ghost (adept DjNe)
 35207 | Spider:2 | Reached skill level 21 in Shields
 35224 | Spider:2 | Noticed Nikola
 35234 | Spider:2 | Reached XP level 18. HP: 171/172 MP: 0/17
 35262 | Spider:2 | Killed Nikola
 35958 | Spider:2 | Upgraded the game from 0.30-a0-711-gf4ac18a38d to
                  | 0.30-a0-715-gdb4ae3ece1
 36119 | Spider:3 | Noticed Bai Suzhen
 36148 | Spider:3 | Killed Bai Suzhen
 36270 | Spider:3 | Identified the +6 battleaxe "Onkate" {drain, rElec rN+
                  | Will+ Str-3}
 37498 | Spider:3 | Reached skill level 22 in Shields
 37515 | Spider:4 | Entered Level 4 of the Spider Nest
 38274 | Spider:4 | Noticed Louise
 38287 | Spider:4 | Killed Louise
 39031 | Spider:4 | Got a gossamer rune of Zot
 39512 | Spider:2 | Killed holysushi's ghost
 40852 | Swamp:2  | Found the +8 demon trident "Rift" {distort, reach+}
 40932 | Swamp:3  | Reached XP level 19. HP: 174/182 MP: 18/18
 40938 | Swamp:3  | Reached skill level 23 in Shields
 41021 | Swamp:3  | Reached skill level 1 in Evocations
 41537 | Swamp:4  | Entered Level 4 of the Swamp
 41554 | Swamp:4  | Reached skill level 5 in Throwing
 41948 | Swamp:4  | Reached skill level 5 in Maces & Flails
 42231 | Swamp:4  | Identified the +8 great sword of Resumed Hostilities {pain,
                  | rElec rF+ rCorr}
 42822 | Swamp:4  | Got a decaying rune of Zot
 43237 | Slime:1  | Entered Level 1 of the Pits of Slime
 43254 | Slime:1  | Gained mutation: Your magical capacity is low. (-10% MP) [a
                  | shining eye]
 43261 | Slime:1  | Gained mutation: You passively map a small area around you.
                  | [a shining eye]
 43266 | Slime:1  | Gained mutation: You occasionally lose the ability to drink
                  | potions when taking damage. [a shining eye]
 43266 | Slime:1  | Gained mutation: You are clumsy. (Dex -2) [a shining eye]
 43268 | Slime:1  | Lost mutation: You occasionally lose the ability to drink
                  | potions when taking damage. [a shining eye]
 43269 | Slime:1  | Gained mutation: You passively map the area around you. [a
                  | shining eye]
 43270 | Slime:1  | Gained mutation: Your spells are a little easier to cast,
                  | but a little less powerful. [a shining eye]
 43276 | Slime:1  | Gained mutation: You have large cloven feet. [a shining
                  | eye]
 43283 | Slime:1  | Gained mutation: Your spells are easier to cast, but less
                  | powerful. [a shining eye]
 43286 | Slime:1  | Gained mutation: Your magical capacity is very low. (-20%
                  | MP) [a shining eye]
 43623 | Slime:2  | Gained mutation: You are vulnerable to heat. (rF-) [a
                  | shining eye]
 44279 | Slime:3  | Reached skill level 24 in Shields
 45160 | Slime:5  | Entered Level 5 of the Pits of Slime
 45171 | Slime:5  | Noticed the Royal Jelly
 45178 | Slime:5  | Gained mutation: Your spells are much easier to cast, but
                  | much less powerful. [a shining eye]
 45290 | Slime:4  | Bought a shiny plate armour for 1196 gold pieces
 45293 | Slime:4  | Bought a heavily runed plate armour for 1288 gold pieces
 45293 | Slime:4  | Identified the +10 plate armour of the Planets {Int+5} (You
                  | bought it in a shop on level 4 of the Pits of Slime)
 45302 | Slime:4  | Bought an amber-encrusted plate armour for 1288 gold pieces
 45302 | Slime:4  | Identified the +1 plate armour of the Trees {rCorr MP+9
                  | Str-5 Slay+3} (You bought it in a shop on level 4 of the
                  | Pits of Slime)
 45315 | Slime:4  | Bought a warped cloak for 437 gold pieces
 45315 | Slime:4  | Identified the +1 cloak of Cocytus {Rampage rC++ Stlth-}
                  | (You bought it in a shop on level 4 of the Pits of Slime)
 45326 | Slime:4  | Bought a potion of cancellation for 104 gold pieces
 45326 | Slime:4  | Bought a potion of haste for 130 gold pieces
 45326 | Slime:4  | Bought a potion of haste for 130 gold pieces
 45326 | Slime:4  | Bought a potion of haste for 130 gold pieces
 45416 | Slime:5  | Reached XP level 20. HP: 193/193 MP: 15/15
 45416 | Slime:5  | Lost mutation: Your natural rate of healing is unusually
                  | fast. [a shining eye]
 45681 | Slime:5  | Gained mutation: You are occasionally teleported next to
                  | monsters. [a shining eye]
 45927 | Slime:5  | Gained mutation: You are weak. (Str -2) [a shining eye]
 45930 | Slime:5  | Gained mutation: You are frail. (-10% HP) [a shining eye]
 45935 | Slime:5  | Gained mutation: You are often teleported next to monsters.
                  | [a shining eye]
 46031 | Slime:5  | Gained mutation: You occasionally shout uncontrollably at
                  | your foes. [a shining eye]
 46597 | Slime:5  | Gained mutation: You are very clumsy. (Dex -4) [a shining
                  | eye]
 46606 | Slime:5  | Gained mutation: Your magical capacity is extremely low.
                  | (-30% MP) [a shining eye]
 46611 | Slime:4  | Gained mutation: You are very frail. (-20% HP) [a shining
                  | eye]
 47939 | D:13     | Identified the +3 sling of Enice {freeze, Str+6}
 47952 | Vaults:1 | Entered Level 1 of the Vaults
 48446 | Vaults:1 | Found a runed translucent gate.
 48446 | Vaults:1 | Found a runed translucent gate.
 48446 | Vaults:1 | Found a runed translucent gate.
 48446 | Vaults:1 | Found an ancient bone altar of Kikubaaqudgha.
 48446 | Vaults:1 | Noticed octoduck's ghost (adept DsGl)
 48446 | Vaults:1 | Noticed an ancient lich
 48578 | Vaults:1 | Reached skill level 25 in Shields
 50291 | Vaults:2 | Found a staircase to the Crypt.
 50681 | Vaults:2 | Reached XP level 21. HP: 160/163 MP: 13/13
 51770 | Vaults:3 | Reached skill level 26 in Shields
 51771 | Vaults:3 | You fall into a shaft and drop 1 floor!
 51854 | Vaults:4 | Reached skill level 5 in Stealth
 51920 | Vaults:4 | Identified the +9 dagger "Nosoifoc" {drain, rCorr}
 51960 | Vaults:4 | Found a magical portal.
 51965 | WizLab   | Entered Lehudib's Moon Base
 51980 | WizLab   | Found a transporter.
 52185 | WizLab   | Lost mutation: Your spells are much easier to cast, but
                  | much less powerful. [a cacodemon]
 52192 | WizLab   | Gained mutation: Your body sometimes deteriorates upon
                  | taking damage. [a cacodemon]
 52512 | WizLab   | Found a transporter.
 52635 | WizLab   | Paralysed by accursed screaming for 1 turns
 52786 | WizLab   | Identified the ring "Risum" {rF+ Int+2 Stlth+}
 52836 | WizLab   | Identified the ring "Ihei" {rPois rF- rCorr SInv Stlth+}
 54558 | Vaults:3 | Reached XP level 22. HP: 173/173 MP: 14/14
 55047 | Vaults:3 | Reached skill level 27 in Shields
 55228 | Vaults:3 | Got Sif Muna's Progressing With Witchery
 55266 | Vaults:3 | Identified the +5 mace "Sukojutacw" {freeze, Fragile rElec
                  | Str+2 Dex+9}
 55801 | Vaults:3 | Identified the ring of Jeeph {rElec rN+ Str+4 SInv}
 56379 | Vaults:5 | Entered Level 5 of the Vaults
 56428 | Vaults:5 | Noticed a dread lich
 56448 | Vaults:5 | Killed a dread lich
 56472 | Vaults:5 | Noticed a dread lich
 56488 | Vaults:5 | HP: 1/176 [tengu reaver/bolt of fire (43)]
 56496 | Vaults:5 | Noticed a golden dragon
 56498 | Vaults:5 | Killed from afar by a tengu reaver

Illustrated notes

Levels and vault maps discovered:
D:1:      dpeg_arrival_leaves_temple_mockup, layout_basic
D:2:      layout_rooms, kennysheep_cross_room, minmay_tripent
D:3:      layout_basic, fedhas_ov_isle_minmay, lemuel_doored_altar
D:4:      layout_basic, minmay_temple_entry_large_hall, uniq_pikel
D:5:      layout_gridville, trog_ov_bears_minmay, nemelex_spade_bored_becter,
          gup_ossuary_entry_pyramid, corexii_checkpoint_a
D:6:      layout_basic, guppyfry_early_elven_hall
D:7:      layout_layer_cave, mainiacjoe_overflow_small_starburst,
          grunt_dithmenos_smoke_and_mirrors, kennysheep_opposing_triangles
D:8:      layout_cave_pools, mainiacjoe_overflow_alcove_1, special_room
          [special_room_kobold]
D:9:      layout_stronghold, overflow_temple_1_default, amcnicky_altar_gilded,
          uniq_maggie, uniq_erolcha, uniq_psyche, uniq_prince_ribbit1
D:10:     layout_basic, xom_butterflies, erik_lair_dragon,
          gammafunk_ghost_abyssal_escape, roderic_lattice_a, hive_lemuel,
          uniq_gastronok
D:11:     layout_roguey, minmay_liquid_box, roderic_batcave, uniq_fannar
D:12:     cheibrodos_quadrivalence, layout_rooms, erik_orc_2
D:13:     dreamdust_under_siege, layout_irregular_city, erik_vaults_1
D:14:     minmay_two_paths, layout_irregular_city, serial_shops, shop_fountains,
          lemuel_tele_altar, nicolae_ru_sacrificial_ziggurat
D:15:     gammafunk_enter_depths_forms, layout_rooms, minmay_misc_feat_tower,
          portal_ice_cave_entry_ugly_swarm, nzn_wu_jian_council_hall,
          uniq_jorgrun
Temple:   nicolae_temple_no_exploring_needed
Lair:1:   layout_gridlike, infiniplex_staircase_pool_2, grunt_megastairs_1
Lair:2:   beast_lair_carwin_large_4, layout_chaotic_city,
          skrybe_swamp_entry_bodies, nicolae_spider_entry_non_spiders,
          minmay_lair_oklob_items
Lair:3:   layout_loops_ring, grunt_megastairs_3, uniq_kirke
Lair:4:   layout_regular_city, minmay_shattered_shrine, grunt_megastairs_5,
          lemuel_fruit_fields
Lair:5:   grunt_lair_end_beastmaster, layout_gridlike, slime_entry_2
Swamp:1:  nicolae_swamp_wrong_neighborhood, layout_basic_swamp,
          hangedman_swamp_lotus, swamp_pool3
Swamp:2:  layout_basic_swamp, evilmike_swamp_ruin_rubble_1
Swamp:3:  layout_basic_swamp, evilmike_swamp_ruin_house_3, swamp_pool2,
          infiniplex_staircase_pool
Swamp:4:  swamp_vile, layout_basic_swamp
Spider:1: nicolae_spider_hilbert_zone_3 [nicolae_spider_hilbert_4_sides_2_open,
          nicolae_spider_hilbert_3_sides_1_open,
          nicolae_spider_hilbert_3_sides_1_open,
          nicolae_spider_hilbert_3_sides_1_open,
          nicolae_spider_hilbert_3_sides_1_open,
          nicolae_spider_hilbert_4_sides_1_open,
          nicolae_spider_hilbert_4_sides_1_open,
          nicolae_spider_hilbert_4_sides_1_open,
          nicolae_spider_hilbert_4_sides_1_open,
          nicolae_spider_hilbert_4_sides_1_open,
          nicolae_spider_hilbert_4_sides_1_open,
          nicolae_spider_hilbert_4_sides_1_open,
          nicolae_spider_hilbert_4_sides_1_open,
          nicolae_spider_hilbert_3_sides_1_open,
          nicolae_spider_hilbert_3_sides_1_open,
          nicolae_spider_hilbert_3_sides_1_open,
          nicolae_spider_hilbert_3_sides_1_open], uniq_donald, uniq_asterion
Spider:2: nicolae_spider_mines_2, ebering_ghost_reflecting_pool, special_room,
          nicolae_spider_checkerboard, uniq_nikola, uniq_mlioglotl
Spider:3: layout_spider_delve, beargit_elvish_explorers,
          hangedman_spider_tarantella_strand, uniq_bai_suzhen
Spider:4: spider_rune_water, uniq_louise
Slime:1:  layout_caves
Slime:2:  layout_caves, nicolae_slime_ancient_tower_intersection
Slime:3:  layout_caves
Slime:4:  layout_caves
Slime:5
Orc:1:    layout_caves, nicolae_orc_flooded_monolith, minmay_orc_temple_b
Orc:2:    grunt_orc_gardens, layout_caves, grunt_orc_garden, grunt_orc_garden,
          grunt_orc_garden, grunt_orc_garden, serial_shops, shop, basic_altar
Elf:1:    nicolae_elf_arrival_dilemma, layout_gridlike, minmay_elf_demonology
Elf:2:    elven_hall_of_blades_hangedman_original
          [nicolae_blade_entry_sentries_behind_glass], layout_geoelf_octagon,
          serial_shops, freezing_bzr
Vaults:1: gammafunk_ghost_crypt, hangedman_vaults_maws, v_misc_1,
          ontoclasm_vaults_decontamination, vaults_room_semicircle,
          layout_vaults_quadrants
Vaults:2: hangedman_vaults_stagger, minmay_crypt_entry_simple_plaza,
          nicolae_vaults_little_squares_3, ontoclasm_vaults_shuriken,
          vaults_mumra_lcd, nicolae_vaults_diagonal_hallway_8, v_misc_33,
          hangedman_vaults_maws, nicolae_vaults_little_squares_5, v_misc_8,
          hangedman_vaults_slice, nicolae_vaults_triangles,
          nicolae_vaults_little_squares_2, v_misc_13, layout_vaults_maze_bifur
Vaults:3: v_misc_8, st_greater_box_4, vaults_mumra_minichess,
          grunt_vaults_focal, vaults_room_large_hall, v_misc_32,
          vaults_standard_mumra_x, v_misc_3, v_misc_25, v_misc_1,
          nicolae_vaults_little_squares_2, nicolae_vaults_little_squares_4,
          nicolae_vaults_little_ls, nicolae_vaults_border_crossing,
          grunt_vaults_hallway_short, vaults_dpeg_emergency_exit,
          layout_vaults_omnicross
Vaults:4: mu_enter_wizlab_1, hangedman_vaults_trim, v_rooms_3,
          vaults_mumra_hexcomb, v_rooms_1, v_misc_13, v_misc_31, v_misc_15,
          nicolae_vaults_alarming, nicolae_vaults_little_squares_4, v_misc_15,
          vaults_room_pools, layout_vaults_ring
Vaults:5

Skill      XL: |  1  2  3  4  5  6  7  8  9 10 11 12 13 14 15 16 17 18 19 20 21 22 |
---------------+-------------------------------------------------------------------+-----
Fighting       | 4 5 6 8 9 10 12 13 15 16 17 18 19 20 21 22 23 | 23.3
Axes           | 3 4 5 6 8 10 12 14 16 17 18 19 20 21 22 23 24 25 | 25.0
Armour         | 4 5 6 7 8 9 10 12 13 14 15 16 17 18 | 18.6
Dodging        | 1 3 4 5 6 7 |  7.0
Shields        | 4 5 7 8 10 12 14 16 19 21 22 24 25 26 27 | 27.0
Stealth        | 1 2 3 4 5 |  5.6
Throwing       | 2 3 4 5 6 |  6.3
Maces & Flails | 3 5 |  5.4
Evocations     | 1 |  1.0
Unarmed Combat | |  0.6

Action                     |  1- 3 |  4- 6 |  7- 9 | 10-12 | 13-15 | 16-18 | 19-21 | 22-24 || total
---------------------------+-------+-------+-------+-------+-------+-------+-------+-------++-------
  Melee: War axe           |    80 |   108 |   171 |   514 |  1048 |  1140 |  1716 |   165 ||  4942
         Headbutt          |     9 |    13 |    28 |    86 |   278 |   246 |   572 |    59 ||  1291
         Unarmed           |       |       |       |       |     5 |       |       |       ||     5
         Morningstar       |       |       |       |       |    29 |     9 |    38 |     4 ||    80
         Flail             |       |       |       |       |       |     5 |       |       ||     5
  Throw: Boomerang         |       |       |       |    48 |    22 |    52 |   127 |       ||   249
 Invoke: Potion Petition   |       |       |       |       |       |     1 |     4 |     2 ||     7
         Call Merchant     |       |       |       |       |       |       |     4 |       ||     4
         Bribe Branch      |       |       |       |       |       |       |     1 |       ||     1
  Evoke: Wand              |       |       |       |     1 |     4 |     5 |     3 |       ||    13
         Lightning rod     |       |       |       |       |       |       |     7 |       ||     7
    Use: Scroll            |     6 |     2 |     7 |     6 |    15 |    15 |    12 |     5 ||    68
         Potion            |     4 |     2 |       |     1 |     2 |    16 |     8 |     5 ||    38
   Stab: Invisible         |     2 |       |       |       |       |       |     2 |       ||     4
         Distracted        |       |       |       |     6 |     6 |     9 |    12 |     3 ||    36
         Petrified         |       |       |       |       |     4 |       |       |       ||     4
         Petrifying        |       |       |       |       |     1 |       |       |       ||     1
 Armour: Scale mail        |    55 |    32 |       |       |       |       |       |       ||    87
         Chain mail        |       |    24 |   116 |    83 |       |       |       |       ||   223
         Plate armour      |       |       |       |   102 |   375 |   492 |   571 |    91 ||  1631
  Dodge: Dodged            |    44 |    48 |   119 |   216 |   238 |   138 |   154 |    28 ||   985
  Block: Buckler           |    21 |    27 |    52 |   237 |   199 |       |       |       ||   536
         Reflection        |       |       |     2 |    13 |    86 |    40 |       |       ||   141
         Other             |       |       |       |       |     1 |       |       |       ||     1
         Kite shield       |       |       |       |       |  1137 |  1840 |  2125 |   261 ||  5363

Table legend: (Time is in decaauts)
 A = Elapsed time spent in this place.
 B = Non-inter-level travel time spent in this place.
 C = Inter-level travel time spent in this place.
 D = Time resting spent in this place.
 E = Time spent auto-exploring this place.
 F = Levels seen in this place.
 G = Mean time per level.
                   A        B        C        D        E       F      G
               +--------+--------+--------+--------+--------+-----+--------+
         Total |  56275 |  56272 |      3 |   4483 |     63 |  46 | 1223.4 |
       Dungeon |  18610 |  18608 |      2 |   1664 |      0 |  15 | 1240.7 |
        Temple |     16 |     16 |      0 |      0 |      0 |   1 |   16.0 |
          Lair |   7942 |   7942 |      0 |    845 |      0 |   5 | 1588.4 |
         Swamp |   3870 |   3870 |      0 |    170 |      0 |   4 |  967.5 |
   Spider Nest |   6476 |   6476 |      0 |    140 |      0 |   4 | 1619.0 |
    Slime Pits |   3714 |   3714 |      0 |    515 |      0 |   5 |  742.8 |
  Orcish Mines |   3199 |   3199 |      0 |    996 |      0 |   2 | 1599.5 |
   Elven Halls |   3124 |   3123 |      1 |      0 |     63 |   2 | 1562.0 |
        Vaults |   7112 |   7112 |      0 |    138 |      0 |   5 | 1422.4 |
       Ossuary |    534 |    534 |      0 |      0 |      0 |   1 |  534.0 |
      Ice Cave |    591 |    591 |      0 |      0 |      0 |   1 |  591.0 |
        Wizlab |   1081 |   1081 |      0 |     14 |      0 |   1 | 1081.0 |
               +--------+--------+--------+--------+--------+-----+--------+

Top non-repeatable levels by time:
    D:10: 2509 daAuts
    D:12: 2388 daAuts
   Orc:1: 2135 daAuts
Vaults:1: 2024 daAuts
  Lair:2: 2016 daAuts
  Lair:1: 1859 daAuts
Vaults:3: 1853 daAuts
Vaults:2: 1835 daAuts
Spider:3: 1727 daAuts
    D:13: 1667 daAuts
Spider:2: 1635 daAuts
   Elf:1: 1632 daAuts
Spider:4: 1631 daAuts
  Lair:3: 1500 daAuts
   Elf:2: 1491 daAuts
